 Dungeon Crawl Stone Soup version 0.28.0 (webtiles) character file.

Game seed: 10937925749056500771

6717 AmazingTV the Fighter (level 10, -19/97 HPs)
             Began as a Minotaur Fighter on Mar 22, 2024.
             Was a High Priest of Okawaru.
             Demolished by an orc warlord (27 damage)
             ... on level 1 of the Orcish Mines.
             The game lasted 00:41:10 (8639 turns).

AmazingTV the Fighter (Minotaur Fighter)            Turns: 8639, Time: 00:41:10

Health: -19/97     AC: 11    Str: 23    XL:     10   Next: 74%
Magic:  8/9        EV: 10    Int:  7    God:    Okawaru [*****.]
Gold:   1584       SH:  6    Dex: 10    Spells: 9/9 levels left

rFire   . . .      SeeInvis .   Z - +4 hand axe {axe}
rCold   . . .      Faith    .   E - +2 buckler of Slovenliness {rElec Will+ Regen+}
rNeg    . . .      Spirit   .   z - +0 troll leather armour {Pargi}
rPois   .          Reflect  .   C - +2 hat
rElec   +          Harm     .   (no cloak)
rCorr   +          Rampage  .   (no gloves)
Will    +....                   L - +0 pair of boots
Stlth   +.........              (no amulet)
HPRegen 1.86/turn               h - +4 ring of protection
MPRegen 0.11/turn               v - ring of resist corrosion

@: no status effects
A: horns 2, retaliatory headbutt
a: Renounce Religion, Heroism, Finesse, Duel


You were on level 1 of the Orcish Mines.
You worshipped Okawaru.
Okawaru was extremely pleased with you.
You visited 3 branches of the dungeon, and saw 11 of its levels.

You collected 1584 gold pieces.


Innate Abilities, Weirdness & Mutations

You have a pair of horns on your head.
You reflexively headbutt those who attack you in melee.


   Skills:
 + Level 11.9 Fighting
 + Level 11.3(13.4) Axes
 + Level 11.6(13.5) Maces & Flails
 - Level 3.6 Armour
 - Level 3.6 Shields


You had 9 spell levels left.
You didn't know any spells.
Your spell library contained the following spells:

 Spells                   Type           Power      Damage    Failure   Level
 Apportation              Tloc           0%         N/A       56%         1
 Foxfire                  Conj/Fire      0%         2x1d4     56%         1
 Magic Dart               Conj           0%         1d3       56%         1
 Pain                     Necr           0%         1d4       56%         1
 Slow                     Hex            0%         N/A       56%         1
 Searing Ray              Conj           0%         2d4       71%         2
 Confusing Touch          Hex            0%         N/A       91%         3
 Conjure Flame            Conj/Fire      0%         6-21      91%         3
 Frozen Ramparts          Ice            0%         1d2       91%         3
 Inner Flame              Hex/Fire       0%         N/A       91%         3
 Vampiric Draining        Necr           0%         2d6       91%         3
 Flame Wave               Conj/Fire      0%         2d4       100%        4
 Fulminant Prism          Conj/Hex       0%         3d6       100%        4
 Ice Form                 Ice/Tmut       0%         N/A       100%        4
 Alistair's Intoxication  Tmut/Pois      0%         N/A       100%        5
 Freezing Cloud           Conj/Ice/Air   0%         6-21      100%        5
 Polar Vortex             Ice            0%         N/A       100%        9
 Animate Skeleton         Necr           Unusable   N/A       N/A         1
 Summon Small Mammal      Summ           Unusable   N/A       N/A         1
 Summon Ice Beast         Ice/Summ       Unusable   N/A       N/A         4
 Simulacrum               Ice/Necr       Unusable   N/A       N/A         6

Inventory:

Hand Weapons
 a - a +2 battleaxe {axe}
   (You took it off a wight on level 8 of the Dungeon)
 b - a +0 morningstar {mace}
   (You took it off a wight on level 9 of the Dungeon)
 c - a +1 battleaxe of electrocution {axe}
   (Okawaru gifted it to you on level 9 of the Dungeon)
 M - a +0 hand crossbow {crossbow}
   (You took it off a kobold on level 7 of the Dungeon)
 S - a +1 trident of flaming {polearm}
   (You took it off a gnoll sergeant on level 8 of the Dungeon)
 V - a +0 mace {mace}
   (You took it off an orc on level 5 of the Dungeon)
 W - a +0 flail {mace}
 Z - a +4 hand axe (weapon) {axe}
   (You took it off a wight on level 8 of the Dungeon)
Missiles
 l - 113 arrows
 p - 12 boomerangs (quivered)
 r - 18 poisoned darts
 s - 178 stones
 y - 60 sling bullets
 K - 88 bolts
 N - 3 curare-tipped darts {=f}
 O - 10 silver javelins
 T - a throwing net {=f!f}
Armour
 z - a +0 troll leather armour (worn) {Pargi}
   (You found it on level 4 of the Dungeon)
 C - a +2 hat (worn)
   (You found it on level 5 of the Dungeon)
 E - the +2 buckler of Slovenliness (worn) {rElec Will+ Regen+}
   (You acquired it on level 9 of the Dungeon)

   rElec:     It insulates you from electricity.
   Regen:     It increases your rate of health regeneration.
   Will:      It increases your willpower.
 L - a +0 pair of boots (worn)
   (You found it on level 7 of the Dungeon)
 R - +0 steam dragon scales
   (You found it on level 8 of the Dungeon)
 U - a +2 chain mail of willpower
   (You took it off an orc warrior on level 8 of the Dungeon)
Magical Staves
 f - a staff of fire {!astaff}
   (You found it on level 1 of the Dungeon)
 B - a staff of conjuration {!astaff}
   (You found it on level 8 of the Dungeon)
Jewellery
 h - a +4 ring of protection (left hand)
   (You found it on level 1 of the Dungeon)
 v - a ring of resist corrosion (right hand)
   (You found it on level 3 of the Dungeon)
Wands
 w - a wand of iceblast (16)
   (You found it on level 8 of the Dungeon)
 D - a wand of polymorph (12)
   (You found it on level 5 of the Dungeon)
Scrolls
 e - 4 scrolls of identify {@r1}
 j - 2 scrolls of holy word
 m - 2 scrolls of enchant armour {unknown}
 n - a scroll of immolation {unknown}
 q - a scroll of blinking {unknown}
 u - a scroll of teleportation {unknown}
 F - 2 scrolls of enchant weapon
 G - 2 scrolls of fear
 Q - a scroll of fog {unknown}
Potions
 d - a potion of might
 g - a potion of berserk rage {unknown}
 i - 5 potions of curing {@q1}
 k - a potion of degeneration {unknown}
 t - a potion of resistance {unknown}
 x - a potion of lignification {unknown}
 A - a potion of heal wounds {unknown}
 J - 2 potions of ambrosia {unknown}

Dungeon Overview and Level Annotations

Branches:
Dungeon (9/15)             Temple (1/1) D:4            Lair (0/6) D:8
    Orc (1/2) D:9

Altars:
Ashenzari
Cheibriados
Dithmenos
Elyvilon
Fedhas
Gozag
Hepliaklqana
Kikubaaqudgha
Makhleb
Nemelex Xobeh
Okawaru
Qazlal
Ru
Sif Muna
Trog
Vehumet
Wu Jian
Xom
Yredelemnul
Zin
The Shining One

Shops:
D:9

( ### ######## #####
##.###.##...####...##
#...#........#.......
##....#...............
#....#[...............
##..[)[...............
##..o[@)..#)).........#
#...).....)........#...
##.##oo##.........>.#..
#....o.................
##..#..##.).#..........
##......#.#).....#......
#....#.#........##......
##.##...........#.......
#.. ##.........###.##...


You could see an orc warlord, 2 orc warriors and an orc priest (strong).


Message History

You barely miss the warg. The warg closely misses you. 😨 HP[+2]
You regained 2 hp, and now have 30/97 hp.
You hit the warg.
You kill the warg!
Okawaru accepts your kill. Okawaru grants you a weapon!
Something appears at your feet!
You see here a +1 battleaxe of electrocution. 😨 HP[+1] MP[+1]
c - a +1 battleaxe of electrocution {axe} 😨 HP[+2]
You regained 2 hp, and now have 33/97 hp. 😨 HP[+2]
You regained 2 hp, and now have 35/97 hp.
You start resting. 😎 HP[+62] MP[+4]
Your hp is fully restored (97).
You regained 4 mp, and now have 7/9 mp.
You start resting. 😎 MP[+2]
Your mp is fully restored (9).
There is a staircase to the Orcish Mines, spattered with blood here.
Items here: ! ) [[.
There is a staircase to the Orcish Mines, spattered with blood here.
There are no items here.
There is a staircase to the Orcish Mines, spattered with blood here.
You gain the combat prowess of a mighty hero. 😎 MP[-2]
You lost 2 mp, and now have 7/9 mp.
You can't go up here!
You climb downwards.
Welcome back to the Orcish Mines!
There is a staircase back to the Dungeon, spattered with blood here.
The orc warlord roars a battlecry!
The orcs go into a battle-frenzy!
The orc warrior hits you from afar with a +0 halberd!!
Things that are here:
a +0 robe; a +0 dagger {short}; an orc skeleton 😮 HP[-28]
You take 28 damage, and now have 69/97 hp.
MASSIVE DAMAGE!! (PAUSE)
You hit the orc warlord but do no damage. 😮 HP[+1]
You closely miss the orc warlord. You block the orc warlord's attack.
You block the orc warrior's attack. 😮 HP[+1]
You barely miss the orc warlord.
You headbutt the orc warlord, but do no damage.
The orc wizard points at you and mumbles some strange words.
The magic dart hits you.
The orc warlord roars a battlecry!
The orc warrior goes into a battle-frenzy!
You block the orc warrior's attack. 😮 HP[-1]
You take 1 damage, and now have 70/97 hp.
You closely miss the orc warlord. Your headbutt misses the orc warlord.
You hit the orc.
The orc warrior hits you from afar with a +0 trident!!
The orc barely misses you. 😮 HP[-21]
You take 21 damage, and now have 49/97 hp.
MASSIVE DAMAGE!! (PAUSE)
You slash the orc!
You kill the orc!
Okawaru accepts your kill.
You hit the orc warlord. You hit the orc wizard.
The orc warlord closely misses you. You furiously retaliate!
You headbutt the orc warlord, but do no damage.
You block the orc warrior's attack.
The orc warrior hits you from afar with a +0 trident!
* * * LOW HITPOINT WARNING * * *
😨 HP[-13]
You take 13 damage, and now have 36/97 hp.
You hit the orc wizard.
You hit the orc warlord but do no damage.
You block the orc wizard's attack.
The orc warlord roars a battlecry!
The orc priest goes into a battle-frenzy!
The orc warrior hits you from afar with a +0 halberd!!
* * * LOW HITPOINT WARNING * * *
😱 HP[-28] MP[+1]
You take 28 damage, and now have 8/97 hp.
MASSIVE DAMAGE!! (PAUSE)
You feel better.
The orc warrior throws a boomerang.
The boomerang barely misses you.
The orc priest invokes the aid of Beogh against you.
Beogh smites you!
* * * LOW HITPOINT WARNING * * *
The orc wizard barely misses you. You block the orc warlord's attack.
The orc warrior closely misses you. 😱 HP[-3]
You take 3 damage, and now have 5/97 hp.
You slash the orc wizard!
You kill the orc wizard!
Okawaru accepts your kill.
You slash the orc warlord!
You block the orc warrior's attack. 😱 HP[+2]
You regained 2 hp, and now have 7/97 hp.
You feel like a meek peon again.
The orc warlord hits you from afar with a +0 antimagic glaive!!
You die...

Skill      XL: |  1  2  3  4  5  6  7  8  9 10 |
---------------+-------------------------------+-----
Axes           | 1 2 3 4 5 6 8 9 11 | 11.3
Fighting       | 4 5 6 7 9 10 11 | 11.9
Maces & Flails | 3 4 5 6 8 10 11 | 11.6
Armour         | |  3.6
Shields        | |  3.6

Action                   |  1- 3 |  4- 6 |  7- 9 | 10-12 || total
-------------------------+-------+-------+-------+-------++-------
Melee: Flail             |    98 |    96 |   265 |       ||   459
       Headbutt          |    17 |    16 |    70 |    36 ||   139
       Hand axe          |       |       |    33 |   180 ||   213
Throw: Boomerang         |       |       |     5 |     2 ||     7
Invok: Heroism           |       |       |     1 |     3 ||     4
  Use: Scroll            |       |       |     2 |     7 ||     9
       Potion            |       |       |     1 |     1 ||     2
Armor: Scale mail        |    50 |    78 |       |       ||   128
       Troll leather arm |       |     2 |   124 |    55 ||   181
Dodge: Dodged            |    44 |    60 |   151 |    83 ||   338
Block: Buckler           |    27 |    39 |    51 |    52 ||   169

Levels and vault maps discovered:
D:1:      sevenhm_arrival_forest_fort_small_3, layout_loops_corners
D:2:      layout_basic, serial_forest, infiniplex_forest_clump_double,
          infiniplex_forest_straight_1, infiniplex_forest_clump_diagonal,
          infiniplex_forest_corner_1, infiniplex_forest_straight_1,
          infiniplex_forest_lined_3, infiniplex_forest_lined_3_way
D:3:      layout_loops_ring, elyvilon_altar_1,
          hellmonk_ecumenical_altar_dog_temple, uniq_natasha
D:4:      layout_basic, tgw_kikubaaqudgha, minmay_temple_entry_drinking_statues,
          st_stairs_10, roderic_lattice_a, uniq_pargi
D:5:      layout_basic, fiery_altar_vehumet
D:6:      layout_basic, marbit_many_paths, lightli_corner_chamber,
          uniq_blork_the_orc, uniq_menkaure, uniq_sigmund
D:7:      layout_rooms, mainiacjoe_overflow_paths
D:8:      layout_rooms, lemuel_crystal_altar, david_lair_generic, centaur_isle
D:9:      layout_basic, orc_david_3
Temple:   nicolae_temple_elliptical
Orc:1:    layout_caves, basic_altar, bh_open_orc_temple

Notes
Turn   | Place    | Note
-------+----------+-------------------------------------------
     0 | D:1      | AmazingTV the Minotaur Fighter began the quest for the Orb.
     0 | D:1      | Reached XP level 1. HP: 19/19 MP: 0/0
     0 | D:1      | magus.rc [v1.9.6]
   176 | D:1      | You pick up a book of Debilitation and begin reading...
   176 | D:1      | You add the spells Slow, Vampiric Draining and Confusing
                  | Touch to your library.
   288 | D:1      | Reached skill level 1 in Axes
   398 | D:1      | Reached XP level 2. HP: 27/27 MP: 1/1
   450 | D:1      | Reached skill level 4 in Fighting
   771 | D:1      | Reached skill level 3 in Maces & Flails
  1123 | D:2      | Reached XP level 3. HP: 27/33 MP: 2/2
  1232 | D:2      | You pick up a book of Ice and begin reading...
  1232 | D:2      | You add the spells Freezing Cloud, Simulacrum and Polar
                  | Vortex to your library.
  1455 | D:2      | Reached skill level 2 in Axes
  2174 | D:3      | You pick up a book of Conjurations and begin reading...
  2174 | D:3      | You add the spells Magic Dart, Searing Ray and Fulminant
                  | Prism to your library.
  2179 | D:3      | You pick up a book of Cantrips and begin reading...
  2179 | D:3      | You add the spells Animate Skeleton, Summon Small Mammal
                  | and Apportation to your library.
  2224 | D:3      | Found a white marble altar of Elyvilon.
  2265 | D:3      | Found a faded altar of an unknown god.
  2389 | D:3      | You pick up a book of Necromancy and begin reading...
  2481 | D:3      | Noticed Natasha
  2489 | D:3      | Killed Natasha
  2490 | D:3      | Reached XP level 4. HP: 41/41 MP: 3/3
  2689 | D:3      | Noticed Natasha
  2693 | D:3      | Killed Natasha
  2733 | D:3      | Noticed Natasha
  2738 | D:3      | Killed Natasha
  2739 | D:3      | Reached skill level 3 in Axes
  2739 | D:3      | Reached skill level 4 in Maces & Flails
  2739 | D:3      | Reached XP level 5. HP: 44/47 MP: 4/4
  2843 | D:4      | Reached skill level 5 in Fighting
  2854 | D:4      | Noticed a necrophage
  2865 | D:4      | Killed a necrophage
  2867 | D:4      | Noticed a black bear
  2874 | D:4      | Killed a black bear
  2875 | D:4      | Reached skill level 4 in Axes
  2875 | D:4      | Reached XP level 6. HP: 51/57 MP: 5/5
  2908 | D:4      | You pick up a book of Party Tricks and begin reading...
  2915 | D:4      | You pick up a book of Rime and begin reading...
  2915 | D:4      | You add the spells Frozen Ramparts, Ice Form and Summon Ice
                  | Beast to your library.
  2959 | D:4      | Reached skill level 5 in Maces & Flails
  3170 | D:4      | Noticed Pargi
  3198 | D:4      | Killed Pargi
  3199 | D:4      | Reached skill level 6 in Fighting
  3407 | D:4      | Reached skill level 5 in Axes
  3407 | D:4      | Reached XP level 7. HP: 64/64 MP: 6/6
  3420 | D:4      | Found an ancient bone altar of Kikubaaqudgha.
  3421 | D:4      | Noticed a human
  3423 | D:4      | Killed a human
  3441 | D:4      | Found a staircase to the Ecumenical Temple.
  3446 | Temple   | Entered the Ecumenical Temple
  3576 | Temple   | Became a worshipper of Warmaster Okawaru
  3957 | D:5      | Entered Level 5 of the Dungeon
  3993 | D:5      | Reached skill level 6 in Maces & Flails
  4011 | D:5      | Found a radiant altar of Vehumet.
  4254 | D:5      | You pick up a book of Rime and begin reading...
  4517 | D:6      | Reached skill level 7 in Fighting
  4605 | D:6      | Reached skill level 6 in Axes
  4676 | D:6      | Reached * piety under Okawaru
  4677 | D:6      | Reached XP level 8. HP: 61/73 MP: 7/7
  4743 | D:6      | Noticed Menkaure
  4748 | D:6      | Reached skill level 7 in Maces & Flails
  4757 | D:6      | Killed Menkaure
  4838 | D:6      | Found a blossoming altar of Fedhas.
  4844 | D:6      | Reached skill level 8 in Fighting
  4844 | D:6      | Reached skill level 7 in Axes
  5147 | D:6      | Noticed Blork the orc
  5163 | D:6      | Killed Blork the orc
  5262 | D:6      | Noticed Sigmund
  5267 | D:6      | Killed Sigmund
  5267 | D:6      | Reached ** piety under Okawaru
  5268 | D:6      | Reached skill level 8 in Maces & Flails
  5619 | D:7      | Reached skill level 8 in Axes
  5671 | D:7      | Reached skill level 9 in Fighting
  5671 | D:7      | Reached XP level 9. HP: 48/83 MP: 8/8
  5884 | D:7      | HP: 17/83 [orc priest/divine providence (14)]
  5888 | D:7      | HP: 4/83 [orc warrior (6)]
  5896 | D:7      | HP: 14/83 [bullfrog skeleton (2)]
  5994 | D:7      | You pick up a book of Flames and begin reading...
  5994 | D:7      | You add the spells Foxfire, Conjure Flame, Inner Flame and
                  | Flame Wave to your library.
  6007 | D:7      | Reached skill level 9 in Maces & Flails
  6069 | D:7      | Found a bloodstained altar of Trog.
  6428 | D:8      | Reached *** piety under Okawaru
  6429 | D:8      | Reached skill level 9 in Axes
  6432 | D:8      | Noticed an elephant
  6537 | D:8      | Reached skill level 10 in Fighting
  6549 | D:8      | HP: 21/85 [orc warrior (5)]
  6759 | D:8      | Reached skill level 10 in Maces & Flails
  6760 | D:8      | Found a staircase to the Lair.
  6898 | D:8      | Killed an elephant
  6899 | D:8      | Reached XP level 10. HP: 53/94 MP: 9/9
  6996 | D:8      | Reached **** piety under Okawaru
  6997 | D:8      | Reached skill level 10 in Axes
  7312 | D:9      | Found a staircase to the Orcish Mines.
  7314 | D:9      | Found Bolume's Weapon Shoppe.
  7539 | D:9      | Reached skill level 11 in Fighting
  8022 | D:9      | Reached skill level 11 in Maces & Flails
  8288 | D:9      | Identified 2 scrolls of acquirement
  8289 | D:9      | Acquired 1174 gold pieces
  8290 | D:9      | Acquired the +2 buckler of Slovenliness {rElec Will+
                  | Regen+}
  8311 | Orc:1    | Entered Level 1 of the Orcish Mines
  8345 | Orc:1    | Noticed a two-headed ogre
  8363 | D:9      | Killed a two-headed ogre
  8363 | D:9      | Reached ***** piety under Okawaru
  8364 | D:9      | Reached skill level 11 in Axes
  8512 | Orc:1    | Noticed an orc warlord
  8564 | D:9      | Received a gift from Okawaru
  8636 | Orc:1    | HP: 8/97 [orc warrior[an orc warlord] (30)]
  8639 | Orc:1    | Demolished by an orc warlord

Vanquished Creatures
  A two-headed ogre (D:9)
  An elephant (D:8)
  Sigmund (D:6)
  A wyvern (D:8)
  4 yaks
  3 steam dragons
  Menkaure (D:6)
  A warg (D:9)
  A water moccasin (D:6)
  7 orc warriors
  3 black bears
  Pargi (D:4)
  4 necrophages
  2 ogres (D:6)
  A centaur (D:6)
  A phantom (D:4)
  4 kobold brigands
  4 bullfrogs
  Blork the orc (D:6)
  A wyvern zombie (D:7)
  A gnoll sergeant (D:8)
  2 scorpions
  5 killer bees (D:9)
  12 wights
  A howler monkey (D:4)
  2 centaur zombies
  A bullfrog zombie (D:5)
  7 orc priests
  3 bullfrog skeletons
  2 hounds
  3 iguanas
  Natasha (thrice) (D:3)
  6 orc wizards
  2 hound skeletons (D:4)
  3 adders
  4 gnolls
  A shadow imp (D:6)
  3 ufetubi
  An adder skeleton (D:4)
  A dart slug (D:1)
  26 orcs
  6 ball pythons
  7 bats
  5 endoplasms
  A giant cockroach (D:2)
  3 hobgoblins
  5 jackals
  25 kobolds
  3 quokkas
  A frilled lizard (D:1)
  4 goblins
  A jackal skeleton (D:4)
  7 rats
200 creatures vanquished.

Vanquished Creatures (others)
  A human (D:4)
1 creature vanquished.

Grand Total: 201 creatures vanquished

Table legend:
 A = Non-vault XP
 B = Vault XP
 C = Vault XP percentage of total XP
 D = Non-vault monster count
 E = Vault monster count
 F = Vault count percentage of total count
                 A         B        C        D         E       F
            +---------+---------+-------+---------+---------+-------
      Total |    7552 |    2045 |  21.3 |     177 |      23 |  11.5
            +---------+---------+-------+---------+---------+-------
        D:1 |      31 |       0 |   0.0 |      18 |       0 |   0.0
        D:2 |      29 |       0 |   0.0 |      11 |       0 |   0.0
        D:3 |      93 |      43 |  31.6 |      16 |       5 |  23.8
        D:4 |     301 |     389 |  56.4 |      14 |       5 |  26.3
        D:5 |     279 |       0 |   0.0 |      12 |       0 |   0.0
        D:6 |     687 |     576 |  45.6 |       9 |       4 |  30.8
        D:7 |    1319 |       0 |   0.0 |      29 |       0 |   0.0
        D:8 |    1343 |     889 |  39.8 |      20 |       4 |  16.7
        D:9 |    2780 |     148 |   5.1 |      31 |       5 |  13.9
      Orc:1 |     690 |       0 |   0.0 |      17 |       0 |   0.0
            +---------+---------+-------+---------+---------+-------

Illustrated notes

Table legend:
 A = Kills in this place as a percentage of kills in entire the game.
 B = Kills by you in this place as a percentage of kills by you in the entire game.
 C = Kills by friends in this place as a percentage of kills by friends in the entire game.
 D = Other kills in this place as a percentage of other kills in the entire game.
 E = Experience gained in this place as a percentage of experience gained in the entire game.
 F = Experience gained in this place divided by the number of levels of this place that you have seen.
                   A       B       C       D       E      F
               +-------+-------+-------+-------+-------+----------------------
         Total | 100.0 | 100.0 |   N/A |   N/A | 100.0 | 872.5
       Dungeon |  91.5 |  91.5 |   N/A |   N/A |  92.8 | 989.7
  Orcish Mines |   8.5 |   8.5 |   N/A |   N/A |   7.2 | 690.0
               +-------+-------+-------+-------+-------+----------------------

Table legend: (Time is in decaauts)
 A = Elapsed time spent in this place.
 B = Non-inter-level travel time spent in this place.
 C = Inter-level travel time spent in this place.
 D = Time resting spent in this place.
 E = Time spent auto-exploring this place.
 F = Levels seen in this place.
 G = Mean time per level.
                   A        B        C        D        E       F      G
               +--------+--------+--------+--------+--------+-----+--------+
         Total |   8629 |   8197 |    432 |    729 |   5721 |  11 |  784.5 |
       Dungeon |   8269 |   7875 |    394 |    714 |   5549 |   9 |  918.8 |
        Temple |    162 |    124 |     38 |      0 |    106 |   1 |  162.0 |
  Orcish Mines |    197 |    197 |      0 |     15 |     66 |   1 |  197.0 |
               +--------+--------+--------+--------+--------+-----+--------+

Top non-repeatable levels by time:
     D:9: 1154 daAuts
     D:1: 1097 daAuts
     D:6: 1049 daAuts
     D:3: 957 daAuts
     D:2: 928 daAuts
     D:7: 909 daAuts
     D:4: 855 daAuts
     D:8: 798 daAuts
     D:5: 518 daAuts
   Orc:1: 197 daAuts
  Temple: 162 daAuts
